 Dungeon Crawl Stone Soup version 0.23-a0-369-g357f654 (webtiles) character file.

38 Cryolive the Digger (level 3, 0/19 HPs)
             Began as a Gargoyle Earth Elementalist on Oct 24, 2018.
             Splashed by a jelly's acid (9 damage)
             ... on level 2 of the Dungeon.
             The game lasted 00:03:36 (889 turns).

Cryolive the Digger (Gargoyle Earth Elementalist)    Turns: 889, Time: 00:03:37

Health: 0/19       AC:  1    Str: 11    XL:     3   Next: 43%
Magic:  7/7        EV: 12    Int: 16    God:
Gold:   96         SH:  0    Dex: 10    Spells: 3/7 levels left

rFire    . . .     SeeInvis .   h - +0 mace
rCold    . . .     Gourm    .   (no shield)
rNeg     + . .     Faith    .   c - +0 robe
rPois    ∞         Spirit   .   (no helmet)
rElec    +         Reflect  .   (no cloak)
rCorr    .         Harm     .   (no gloves)
MR       .....                  (no boots)
Stlth    ++........             (no amulet)
HPRegen  0.06/turn              (no ring)
MPRegen  0.10/turn              (no ring)

@: corroded
A: negative energy resistance 1, electricity resistance, unbreathing,
petrification resistance, rot immunity, AC +3
a: no special abilities


You were on level 2 of the Dungeon.
You were not hungry.

You visited 1 branch of the dungeon, and saw 2 of its levels.

You collected 96 gold pieces.

Inventory:

Hand Weapons
 h - a +0 mace (weapon)
Missiles
 b - 45 stones (quivered)
Armour
 c - a +0 robe (worn)
Jewellery
 a - an uncursed ring of wizardry {unknown}
Scrolls
 f - a scroll of blinking {unknown}
 g - 4 scrolls of remove curse {unknown}
 i - 3 scrolls of identify {unknown}
 k - a scroll of fear {unknown}
 n - a scroll of fog {unknown}
 p - a scroll of amnesia {unknown}
Potions
 e - 2 potions of heal wounds {unknown}
 j - 2 potions of curing {unknown}
 l - 2 potions of might {unknown}
 m - 2 potions of agility {unknown}
 o - a potion of magic {unknown}
 q - a potion of mutation {unknown}
Comestibles
 d - 6 rations


   Skills:
 - Level 1.5 Dodging
 - Level 2.1 Stealth
 + Level 2.7 Spellcasting
 + Level 0.5 Conjurations
   Level 0.7 Transmutations
 + Level 4.4 Earth Magic


You had 3 spell levels left.
You knew the following spells:

 Your Spells              Type           Power        Failure   Level  Hunger
a - Sandblast             Erth           ###...       3%          1    #......
b - Stone Arrow           Conj/Erth      ##....       21%         3    ###....

Your spell library contained the following spells:

 Spells                   Type           Power        Failure   Level  Hunger
 Passwall                 Tmut/Erth      ##......     10%         2    ##.....
 Petrify                  Tmut/Erth      ##......     54%         4    #####..
 Lee's Rapid Deconstruct  Erth           ###.......   63%         5    ######.


Dungeon Overview and Level Annotations

Branches:
Dungeon (2/15)

Altars:


Innate Abilities, Weirdness & Mutations

You are resistant to torment.
Your stone body is resilient. (AC +3)
You are immune to poison.
You resist negative energy. (rN+)
You are resistant to electric shocks. (rElec)
You can survive without breathing.
You are immune to petrification.
You are immune to rotting.


Message History

HP restored.
Ye see 'ere 15 arrows.
Ye op'n tha door.
Thar be an op'n door 'ere.
A jelly comes inta view.
Tha jelly quivers.
Tha jelly barely misses ye.
Ye barely miss tha jelly.
Tha jelly hits ye but does nay damage.
Tha jelly misses ye.
Ye hit tha jelly.
Yer hands burn!
Tha jelly be moderately wounded.
Tha jelly hits ye but does nay damage.
Ye hit tha jelly.
Yer hands burn!
Tha jelly be heavily wounded.
Tha jelly barely misses ye.
Ye hit tha jelly.
Yer hands burn!
Tha jelly be heavily wounded.
Tha jelly barely misses ye.
Tha jelly hits ye.
Tha acid corrodes ye!
Ye be splashed wit' acid!
Tha acid burns!
Ye die...

...+ ........................
...# #. #.......#.........## ...#
#. #####.#.#.###...#... ...# #.
######.#.#........... ...#######.
#........#......<....
...........##.####.###.......#...
...######........................
......# #.###....#.###.......#...
...##.# #.###...@J.###.......#...
...##.# #...#.......##.......####
......###...<.......##.......#
.>.............#....##.......#
............##.#....#
#.#######...##......###
#.#######...##..##†...##
#...........##.........#
#########...###........#


You could see a jelly.

Vanquished Creatures
  4 dart slugs
  2 bats
  5 giant cockroaches
  3 goblins (D:1)
  2 hobgoblins (D:1)
  A jackal (D:1)
  4 kobolds
  9 rats
30 creatures vanquished.

Notes
Turn   | Place    | Note
-------+----------+-------------------------------------------
     0 | D:1      | Cryolive the Gargoyle Earth Elementalist began the quest
                  | for the Orb.
     0 | D:1      | Reached XP level 1. HP: 10/10 MP: 3/3
   116 | D:1      | Reached skill level 4 in Earth Magic
   116 | D:1      | Reached XP level 2. HP: 8/15 MP: 3/5
   449 | D:1      | Reached XP level 3. HP: 13/19 MP: 4/7
   454 | D:1      | Learned a level 3 spell: Stone Arrow
   889 | D:2      | Splashed by a jelly's acid

Vault maps used:
D:1:      eino_arrival_druids_welcome, chequers_garden, minmay_unequal
D:2:      minmay_box_of_dots

Skill      XL: |  1 |
---------------+----+-----
Earth Magic    | 4 |  4.4
Dodging        | |  1.5
Stealth        | |  2.1
Spellcasting   | |  2.7
Conjurations   | |  0.5
Transmutations | |  0.7

Action                   || total
-------------------------++-------
Melee: Dagger            ||    17
       Unarmed           ||     2
       Mace              ||    55
 Cast: Sandblast         ||    14
Armor: Robe              ||    23
Dodge: Dodged            ||    56

Table legend:
 A = Non-vault XP
 B = Vault XP
 C = Vault XP percentage of total XP
 D = Non-vault monster count
 E = Vault monster count
 F = Vault count percentage of total count
                 A         B        C        D         E       F
            +---------+---------+-------+---------+---------+-------
      Total |      48 |       7 |  12.7 |      26 |       4 |  13.3
            +---------+---------+-------+---------+---------+-------
        D:1 |      38 |       7 |  15.6 |      21 |       4 |  16.0
        D:2 |      10 |       0 |   0.0 |       5 |       0 |   0.0
            +---------+---------+-------+---------+---------+-------
